Map: 어센션 투 아이어 - 래더

Players

DnS

  • Race: Protoss Protoss
  • Spawn Location: 11:00

puCK (Nina) - Winner!

  • Race: Protoss Protoss
  • Spawn Location: 5:00

Event: WCS Montreal 2017

VOD

Have the link to the VOD?

Description

Time

  • Played on: Sept. 8, 2017, 12:06 p.m.
  • Length: 13:39

All games in this series

Show
View Real Time Build Order
Export as new Build Order

DnS Protoss 

Build Orders: Phoenix Opening, Archon Immortal 

Get SALT Encoding   

  12  0:00  Probe (Chrono Boost)  
  13  0:11  Probe (Chrono Boost)  
  14  0:18  Pylon  
  14  0:22  Probe (Chrono Boost)  
  15  0:36  Probe (Chrono Boost)  
  15  0:37  Gateway  
  15  0:41  Assimilator  
  16  0:46  Probe (Chrono Boost)  
  17  0:50  Assimilator  
  17  0:57  Probe (Chrono Boost)  
  18  1:04  Gateway  
  18  1:08  Probe (Chrono Boost)  
  19  1:18  Probe (Chrono Boost)  
  20  1:23  Cybernetics Core  
  20  1:29  Probe (Chrono Boost)  
  21  1:33  Pylon  
  21  1:39  Probe (Chrono Boost)  
  22  1:50  Probe (Chrono Boost)  
  23  1:59  Stalker x2  
  23  2:00  Warp Gate (Chrono Boost)  
  27  2:01  Probe  
  28  2:08  Pylon  
  28  2:17  Mothership Core  
  30  2:29  Sentry  
  32  2:38  Probe  
  33  2:50  Probe, Nexus  
  34  2:55  Sentry  
  36  3:02  Probe, Pylon  
  37  3:14  Probe  
  37  3:17  Robotics Facility  
  38  3:26  Probe  
  39  3:32  Twilight Council  
  39  3:35  Phoenix  
  39  3:38  Probe (Chrono Boost)  
  40  3:47  Stalker  
  42  3:48  Stalker  
  42  3:49  Probe (Chrono Boost)  
  45  3:59  Probe (Chrono Boost)  
  47  4:02  Probe (Chrono Boost)  
  47  4:06  Observer  
  48  4:10  Probe (Chrono Boost)  
  48  4:12  Probe (Chrono Boost)  
  50  4:19  Phoenix  
  50  4:20  Probe  
  50  4:22  Probe  
  52  4:32  Probe  
  52  4:33  Probe  
  52  4:36  Blink (Chrono Boost)  
  54  4:39  Nexus  
  54  4:41  Pylon  
  54  4:44  Probe  
  54  4:45  Probe  
  56  4:46  Immortal (Chrono Boost)  
  60  4:56  Probe  
  60  4:57  Probe  
  62  5:01  Pylon  
  62  5:02  Pylon  
  62  5:08  Assimilator  
  62  5:09  Assimilator  
  62  5:14  Stalker  
  64  5:17  Stalker  
  62  5:33  Probe, Immortal (Chrono Boost)  
  66  5:35  Probe  
  66  5:38  Gateway  
  66  5:41  Stalker  
  68  5:45  Probe, Gateway  
  69  5:51  Stalker  
  69  5:55  Probe  
  69  6:03  Probe  
  69  6:04  Probe  
  66  6:07  Probe  
  68  6:11  Observer (Chrono Boost)  
  68  6:14  Probe  
  68  6:15  Probe  
  68  6:16  Sentry  
  72  6:19  Probe  
  72  6:25  Probe, Pylon  
  73  6:27  Probe  
  73  6:29  Forge  
  73  6:31  Probe  
  76  6:35  Probe  
  76  6:37  Charge  
  76  6:39  Probe, Sentry  
  80  6:43  Probe  
  80  6:45  Immortal (Chrono Boost)  
  80  6:46  Probe, Phoenix  
  85  6:51  Probe  
  87  6:55  Probe  
  87  6:57  Probe  
  89  7:03  Probe  
  89  7:04  Protoss Ground Weapons Level 1 (Chrono Boost)  
  89  7:07  Probe  
  91  7:09  Probe  
  93  7:15  Probe  
  93  7:17  Gateway  
  93  7:18  Templar Archives, Gateway  
  93  7:20  Probe  
  93  7:21  Probe, Pylon  
  93  7:22  Pylon  
  95  7:25  Immortal  
  95  7:27  Probe  
  100  7:32  Probe  
  100  7:33  Probe  
  100  7:36  Phoenix  
  102  7:41  Probe  
  102  7:43  Gateway  
  103  7:44  Zealot x2, Gateway  
  107  7:54  Zealot x2  
  111  8:00  Probe  
  111  8:01  Assimilator x2  
  111  8:02  Phoenix, Pylon  
  111  8:04  Pylon  
  111  8:05  Pylon  
  111  8:07  Stalker x2  
  114  8:15  Probe  
  114  8:16  High Templar x2  
  118  8:20  Archon  
  118  8:22  Probe  
  118  8:23  Probe  
  118  8:25  Photon Cannon  
  120  8:27  Pylon  
  120  8:35  Stargate, High Templar  
  120  8:36  High Templar  
  120  8:37  Zealot x2  
  120  8:39  Pylon  
  120  8:40  Archon  
  128  8:42  Warp Prism, Zealot x2  
  134  8:49  Protoss Ground Weapons Level 2 (Chrono Boost)  
  134  8:56  Nexus  
  134  9:10  Stargate  
  134  9:13  Probe x3, Pylon  
  137  9:17  High Templar x2  
  137  9:18  Zealot x4  
  137  9:24  Archon  
  149  9:25  Probe  
  149  9:28  Probe x2  
  149  9:30  Immortal  
  152  9:37  Probe  
  157  9:38  Phoenix  
  157  9:44  Stargate  
  159  9:45  Fleet Beacon  
  158  9:53  Zealot x4  
  158  9:59  Probe x3  
  167  10:02  Phoenix (Chrono Boost)  
  169  10:15  Immortal  
  169  10:17  Phoenix (Chrono Boost)  
  175  10:25  Photon Cannon, Assimilator  
  175  10:27  Assimilator, Phoenix (Chrono Boost)  
  175  10:29  Phoenix (Chrono Boost)  
  175  10:33  Pylon  
  177  10:36  Zealot x4  
  177  10:37  Zealot  
  177  10:42  Pylon  
  187  10:43  Pylon  
  187  10:45  Pylon  
  187  10:48  Gateway  
  185  10:50  Gateway  
  177  11:01  High Templar x4  
  177  11:02  High Templar x2  
  177  11:03  Zealot x2  
  177  11:05  Phoenix (Chrono Boost)  
  177  11:06  Archon x2  
  177  11:07  Archon  
  179  11:12  Dark Shrine  
  179  11:17  Phoenix (Chrono Boost)  
  164  11:27  Phoenix (Chrono Boost)  
  164  11:30  Zealot x2  
  170  11:36  Zealot x3  
  170  11:37  Zealot x3  
  152  11:53  Phoenix (Chrono Boost)  
  148  12:00  Nexus  
  144  12:04  High Templar x2  
  148  12:08  Archon  
  148  12:13  Phoenix (Chrono Boost)  
  148  12:26  Dark Templar  
  148  12:27  Dark Templar, Zealot x2  
  156  12:32  Probe x2  
  156  12:33  Assimilator  
  156  12:38  Phoenix (Chrono Boost)  
  156  12:40  Phoenix (Chrono Boost)  
  156  12:42  Zealot x2  
  164  12:44  Probe  
  164  12:46  Phoenix (Chrono Boost)  
  149  13:00  Phoenix (Chrono Boost)  
  153  13:05  Phoenix (Chrono Boost)  
  153  13:11  Probe  
  153  13:18  High Templar x2  
  158  13:22  Archon  
  158  13:23  Zealot x4  
  165  13:33  Zealot  
  165  13:34  Zealot  
Show
View Real Time Build Order
Export as new Build Order

puCK Protoss - Winner!

Build Orders:  

Get SALT Encoding   

  12  0:01  Probe (Chrono Boost)  
  13  0:11  Probe (Chrono Boost)  
  14  0:18  Pylon  
  14  0:22  Probe (Chrono Boost)  
  15  0:36  Probe (Chrono Boost)  
  15  0:37  Gateway  
  15  0:41  Assimilator  
  16  0:47  Probe (Chrono Boost)  
  17  0:50  Assimilator  
  17  0:57  Probe (Chrono Boost)  
  18  1:04  Gateway  
  18  1:08  Probe (Chrono Boost)  
  19  1:18  Probe (Chrono Boost)  
  19  1:23  Cybernetics Core  
  20  1:29  Probe (Chrono Boost)  
  21  1:34  Pylon  
  22  1:40  Probe (Chrono Boost)  
  22  1:50  Probe (Chrono Boost)  
  23  2:00  Warp Gate (Chrono Boost)  
  27  2:08  Mothership Core  
  29  2:16  Pylon  
  29  2:26  Nexus  
  25  2:30  Probe  
  25  2:36  Stalker  
  28  2:44  Stalker (Chrono Boost)  
  28  2:47  Probe  
  31  3:01  Probe  
  32  3:08  Stalker (Chrono Boost)  
  34  3:13  Stalker (Chrono Boost)  
  34  3:16  Probe  
  37  3:22  Robotics Facility  
  37  3:28  Probe  
  38  3:34  Pylon  
  38  3:36  Probe  
  39  3:42  Probe (Chrono Boost)  
  39  3:48  Probe (Chrono Boost)  
  41  3:53  Probe (Chrono Boost)  
  41  3:55  Stalker  
  44  3:58  Stalker  
  44  4:01  Probe (Chrono Boost)  
  47  4:05  Probe (Chrono Boost)  
  48  4:10  Probe (Chrono Boost)  
  48  4:11  Observer (Chrono Boost)  
  48  4:17  Probe  
  51  4:22  Probe  
  51  4:24  Stalker  
  51  4:25  Stalker  
  51  4:29  Probe  
  56  4:33  Probe  
  56  4:35  Warp Prism (Chrono Boost)  
  59  4:41  Probe  
  59  4:43  Probe, Twilight Council  
  61  4:51  Pylon  
  61  4:53  Probe, Pylon  
  61  4:58  Assimilator  
  62  5:09  Probe  
  62  5:10  Nexus  
  63  5:32  Probe x2  
  63  5:34  Blink (Chrono Boost)  
  63  5:37  Immortal  
  63  5:40  Adept x2  
  71  5:43  Probe, Assimilator  
  71  5:44  Probe  
  71  5:56  Probe  
  72  5:57  Probe  
  73  6:08  Probe  
  73  6:10  Probe  
  70  6:12  Stalker  
  70  6:16  Immortal  
  70  6:17  Gateway x2  
  77  6:18  Gateway  
  77  6:19  Gateway  
  77  6:22  Probe, Sentry  
  77  6:24  Probe x2  
  81  6:29  Pylon  
  82  6:33  Probe  
  82  6:35  Forge  
  82  6:36  Probe  
  82  6:37  Probe, Sentry  
  87  6:41  Pylon  
  87  6:44  Probe  
  87  6:46  Adept  
  90  6:48  Probe x2  
  92  6:54  Probe  
  92  6:58  Immortal (Chrono Boost)  
  92  6:59  Probe  
  92  7:00  Probe  
  99  7:02  Adept  
  99  7:06  Adept  
  99  7:07  Probe  
  102  7:08  Protoss Ground Weapons Level 1 (Chrono Boost)  
  102  7:09  Probe  
  102  7:13  Pylon  
  102  7:15  Pylon  
  103  7:16  Adept  
  103  7:17  Sentry  
  103  7:22  Photon Cannon  
  107  7:23  Photon Cannon  
  107  7:27  Stalker  
  109  7:31  Stalker x2  
  109  7:36  Stalker  
  115  7:39  Observer  
  115  7:42  Stalker x2  
  119  7:47  Probe  
  119  7:49  Assimilator  
  120  7:53  Robotics Bay  
  120  7:54  Assimilator  
  120  8:05  Probe  
  121  8:14  Stalker x2  
  121  8:18  Pylon  
  121  8:20  Robotics Facility  
  121  8:21  Pylon  
  121  8:30  Pylon  
  121  8:33  Robotics Facility  
  121  8:35  Probe  
  121  8:39  Disruptor (Chrono Boost)  
  121  8:40  Nexus  
  127  8:41  Photon Cannon  
  127  8:46  Stalker x4  
  127  8:47  Stalker  
  135  8:49  Protoss Ground Weapons Level 2 (Chrono Boost)  
  135  9:01  Pylon  
  135  9:03  Pylon  
  135  9:06  Pylon  
  135  9:09  Disruptor (Chrono Boost)  
  138  9:11  Stalker x2  
  138  9:14  Disruptor (Chrono Boost)  
  138  9:15  Pylon  
  145  9:21  Disruptor (Chrono Boost)  
  148  9:27  Stalker  
  148  9:28  Stalker x2  
  154  9:35  Stalker x3, Pylon  
  163  9:45  Disruptor (Chrono Boost)  
  163  9:51  Photon Cannon  
  163  9:52  Photon Cannon  
  163  9:54  Pylon  
  163  9:57  Disruptor (Chrono Boost)  
  166  10:02  Disruptor (Chrono Boost), Nexus  
  163  10:16  Disruptor (Chrono Boost), Pylon  
  163  10:17  Pylon  
  166  10:28  Disruptor (Chrono Boost)  
  169  10:37  Stalker x4  
  169  10:38  Stalker  
  179  10:51  Zealot  
  179  10:54  Pylon  
  179  10:55  Photon Cannon, Pylon  
  180  11:03  Photon Cannon x2  
  178  11:09  Stalker x4  
  186  11:16  Gateway  
  189  11:18  Disruptor (Chrono Boost)  
  189  11:22  Stalker  
  175  11:49  Disruptor (Chrono Boost)  
  175  11:50  Disruptor (Chrono Boost)  
  164  11:59  Disruptor (Chrono Boost)  
  163  12:04  Stalker x4  
  163  12:05  Stalker x2  
  175  12:10  Photon Cannon  
  175  12:16  Dark Shrine  
  175  12:21  Disruptor (Chrono Boost)  
  178  12:30  Photon Cannon  
  178  12:33  Photon Cannon  
  178  12:35  Assimilator  
  178  12:38  Stalker x3  
  178  12:39  Stalker x2  
  178  12:40  Assimilator  
  178  12:42  Photon Cannon  
  188  12:51  Zealot  
  188  12:52  Pylon  
  190  13:11  Photon Cannon  
  190  13:13  Gateway  
  190  13:14  Photon Cannon  
  190  13:15  Gateway  
  190  13:17  Stalker x3  
  190  13:18  Stalker x2  
Tags
 
Add a new tag
Caveats
  • Supply blocks, unpowered buildings, or Contaminate may cause inaccurate times.
  • Supply counts are checked every 10 seconds.